 Seeded DCSS version 0.27.1-36-g1b1ada6b1e (webtiles) character file.

Game seed: 20230213 (custom seed)

206 Mickster the Slasher (level 5, -1/45 HPs)
             Began as a Minotaur Gladiator on Feb 10, 2023.
             Slain by an orc priest (4 damage)
             ... on level 4 of the Dungeon.
             The game lasted 00:25:03 (1782 turns).

Mickster the Slasher (Minotaur Gladiator)           Turns: 1782, Time: 00:25:03

Health: -1/45      AC: 16    Str: 19    XL:     5   Next: 53%
Magic:  13/13      EV:  8    Int:  5    God:
Gold:   41         SH:  0    Dex: 12    Spells: 4/4 levels left

rFire    . . .     SeeInvis .   n - +5 glaive (protect)
rCold    . . .     Faith    .   (shield currently unavailable)
rNeg     . . .     Spirit   .   k - +0 chain mail
rPois    .         Reflect  .   (helmet unavailable)
rElec    .         Harm     .   (no cloak)
rCorr    .         Rampage  .   i - +0 pair of gloves
Will     .....                  (no boots)
Stlth    ..........             (no amulet)
HPRegen  0.15/turn              g - ring of magical power
MPRegen  0.13/turn              (no ring)

@: under a protective aura
A: horns 3, retaliatory headbutt, talons 1
a: no special abilities


You were on level 4 of the Dungeon.
You visited 1 branch of the dungeon, and saw 4 of its levels.

You collected 41 gold pieces.

Inventory:

Hand Weapons
 a - a +0 long sword
 e - a +2 spear of venom
 h - a +2 dagger of protection
 n - a +5 glaive of protection (weapon)
Missiles
 d - 3 throwing nets (quivered)
 f - 31 bolts
 j - 3 boomerangs
 q - 6 stones
Armour
 b - a +0 leather armour
 c - a +0 hat
 i - a +0 pair of gloves (worn)
 k - a +0 chain mail (worn)
Jewellery
 g - a ring of magical power (left hand)
 l - an amulet of reflection
 o - a ring of flight
Scrolls
 m - a scroll of identify


   Skills:
 + Level 3.1 Fighting
 + Level 1.3(3.1) Short Blades
 + Level 4.9(5.1) Long Blades
 * Level 2.2 Polearms
 + Level 2.1 Throwing
 + Level 2.3 Armour
 + Level 4.2 Dodging
 + Level 0.2 Stealth


You had 4 spell levels left.
You didn't know any spells.
Your spell library was empty.

Dungeon Overview and Level Annotations

Branches:
Dungeon (4/15)
 Temple: D:4-7

Altars:
Ashenzari
Dithmenos
Kikubaaqudgha
Ru
Wu Jian
Yredelemnul
The Shining One


Innate Abilities, Weirdness & Mutations

You have a pair of large horns on your head.
You reflexively headbutt those who attack you in melee.
You have sharp toenails.


Message History

The ball python constricts you. The orc hits you but does no damage.
The orc priest calls down the wrath of Beogh upon you.
Pain shoots through your body! The orc hits you with a +0 mace.
The ball python bites you but does no damage.
The ball python constricts you.
You slice the ball python!!
Your weapon exudes an aura of protection.
You kill the ball python!
The orc hits you with a +0 dagger.
The orc priest hits you but does no damage.
The orc hits you but does no damage. The orc completely misses you.
The orc priest closely misses you. The orc misses you.
You closely miss the orc. The orc hits you but does no damage.
The orc priest invokes the aid of Beogh against you.
Beogh smites you! The orc hits you but does no damage.
The orc priest hits you with a +0 short sword.
* * * LOW HITPOINT WARNING * * *
The orc hits you but does no damage.
You hit the orc.
The orc is heavily wounded.
The orc hits you but does no damage. x2
The orc priest hits you but does no damage.
The orc hits you with a +0 mace.
* * * LOW HITPOINT WARNING * * *
It was a potion of mutation.
You feel extremely strange.
Your toenails lengthen and sharpen.
The horns on your head grow some more.
Your +0 hat falls away!
The orc priest calls down the wrath of Beogh upon you.
Pain shoots through your body!
* * * LOW HITPOINT WARNING * * *
The orc hits you but does no damage. x2
You slash the orc!
You kill the orc!
The orc priest hits you but does no damage.
The orc barely misses you.
The orc priest hits you but does no damage.
The orc barely misses you.
You barely miss the orc priest. Your kick misses the orc priest.
The orc priest hits you with a +0 short sword.
You die...

....##
....##
.....#
#....#
#....#
#....#
#...#
##o..#
#.)@.#
......o..#
.........#
..........#
..........#
..........#
..##......#
#......#


You could see an orc priest and an orc.

Vanquished Creatures
  A phantom (D:3)
  5 adders
  A gnoll (D:2)
  2 worms (D:2)
  A dart slug (D:2)
  2 orcs
  2 bats
  2 endoplasms
  A giant cockroach (D:3)
  6 goblins
  3 hobgoblins (D:1)
  12 jackals
  3 quokkas
  8 ball pythons
  3 frilled lizards
  6 kobolds
  7 rats
65 creatures vanquished.

Notes
Turn   | Place    | Note
-------+----------+-------------------------------------------
     0 | D:1      | Mickster the Minotaur Gladiator began the quest for the
                  | Orb.
     0 | D:1      | Reached XP level 1. HP: 18/18 MP: 0/0
   107 | D:1      | Found a faded altar of an unknown god.
   135 | D:1      | Reached XP level 2. HP: 25/25 MP: 1/1
   365 | D:1      | Reached XP level 3. HP: 17/30 MP: 2/2
   885 | D:2      | Reached skill level 1 in Polearms
   982 | D:2      | Reached skill level 1 in Armour
   982 | D:2      | Reached XP level 4. HP: 37/37 MP: 3/3
  1339 | D:3      | Noticed a phantom
  1372 | D:3      | Killed a phantom
  1373 | D:3      | Reached skill level 1 in Short Blades
  1373 | D:3      | Reached XP level 5. HP: 30/45 MP: 4/4
  1487 | D:3      | Found a broken altar of Ashenzari.
  1530 | D:3      | Identified a scroll of acquirement
  1530 | D:3      | Acquired a +5 glaive of protection
  1569 | D:3      | Found an ornate altar of the Wu Jian Council.
  1569 | D:3      | Found a shadowy altar of Dithmenos.
  1569 | D:3      | Found a basalt altar of Yredelemnul.
  1569 | D:3      | Found a sacrificial altar of Ru.
  1585 | D:3      | Found an ancient bone altar of Kikubaaqudgha.
  1585 | D:3      | Found a glowing golden altar of the Shining One.
  1780 | D:4      | Gained mutation: You have sharp toenails. [potion of
                  | mutation]
  1780 | D:4      | Gained mutation: You have a pair of large horns on your
                  | head. [potion of mutation]
  1780 | D:4      | HP: 2/45 [orc priest/nerve-wracking pain (7)]
  1782 | D:4      | Slain by an orc priest

Illustrated notes

Levels and vault maps discovered:
D:1:      psy_arrival_fountain, layout_loops_ring,
          chequers_ecumenical_altar_simple_redux
D:2:      layout_basic, basic_altar, minmay_quadrilaterals
D:3:      layout_rooms, minmay_overflow_temple_hex, old_standard_altar,
          corner_web_ring
D:4:      layout_layer_cave, ebering_ghost_rock_garden

Skill      XL: |  1  2  3  4 |
---------------+-------------+-----
Long Blades    | 4 |  4.9
Dodging        | 4 |  4.2
Polearms       | 1 2 |  2.2
Armour         | 1 2 |  2.3
Fighting       | 3 |  3.1
Short Blades   | 1 |  1.3
Throwing       | |  2.1
Stealth        | |  0.2

Action                   |  1- 3 |  4- 6 || total
-------------------------+-------+-------++-------
Melee: Long sword        |    55 |       ||    55
       Headbutt          |    14 |    18 ||    32
       Spear             |    15 |       ||    15
       Dagger            |     6 |    84 ||    90
       Glaive            |       |    18 ||    18
  Use: Scroll            |     4 |     4 ||     8
       Potion            |       |     2 ||     2
Armor: Leather armour    |    30 |     8 ||    38
       Chain mail        |       |    50 ||    50
Dodge: Dodged            |    63 |    45 ||   108
       Rpst.: Long sword |     6 |       ||     6
